 Dungeon Crawl Stone Soup version 0.30-a0-339-g89bb51ec76 (webtiles) character file.

Game seed: 3558516823994610454

371 Muataran the Trooper (level 6, -6/67 HPs)
             Began as an Ogre Berserker on Oct 31, 2022.
             Was a Priest of Trog.
             Killed from afar by Grinder (19 damage)
             ... with a bolt of light
             ... while paralysed by Grinder
             ... on level 4 of the Dungeon.
             The game lasted 00:05:54 (2849 turns).

Muataran the Trooper (Ogre Berserker)               Turns: 2849, Time: 00:05:55

Health: -6/67      AC:  3    Str: 28    XL:     6   Next: 70%
Magic:  6/6        EV:  1    Int:  8    God:    Trog [***...]
Gold:   117        SH:  0    Dex:  8    Spells: 5/5 levels left

rFire   . . .      SeeInvis +    a - +0 mace
rCold   + . .      Faith    .    (no shield)
rNeg    . . .      Spirit   .    b - +0 animal skin
rPois   .          Reflect  .    (helmet restricted)
rElec   +          Harm     .    (no cloak)
rCorr   .          Rampage  .    (gloves unavailable)
Will    .....                    (boots unavailable)
Stlth   +.........               i - amulet of regeneration
HPRegen 1.11/turn                u - ring "Osiqoh" {rElec rC+ Str+4}
MPRegen 0.10/turn                t - ring of see invisible

@: confused, paralysed, on berserk cooldown, slowed
A: large, unfitting armour, tough skin 1
a: Renounce Religion, Berserk, Trog's Hand


You were on level 4 of the Dungeon.
You worshipped Trog.
Trog was most pleased with you.
You visited 1 branch of the dungeon, and saw 4 of its levels.

You collected 117 gold pieces.

Inventory:

Hand Weapons
 a - a +0 mace (weapon)
Armour
 b - a +0 animal skin (worn)
Jewellery
 g - a ring of fire
 i - an amulet of regeneration (around neck)
 j - a ring of magical power
 t - a ring of see invisible (right hand)
 u - the ring "Osiqoh" (left hand) {rElec rC+ Str+4}
   (You found it on level 4 of the Dungeon)

   [ring of protection from cold]

   Str:       It affects your strength (+4).
   rC:        It protects you from cold.
   rElec:     It insulates you from electricity.
Wands
 p - a wand of iceblast (14)
Scrolls
 m - a scroll of identify
 q - 3 scrolls of fear {unknown}
 r - a scroll of brand weapon {unknown}
 s - a scroll of amnesia {unknown}
Potions
 c - 2 potions of might {unknown}
 d - 8 potions of curing {unknown}
 e - a potion of flight {unknown}
 f - a potion of lignification {unknown}
 h - 3 potions of brilliance {unknown}
 k - a potion of degeneration {unknown}
 l - 2 potions of mutation {unknown}
 n - a potion of haste {unknown}
 o - a potion of heal wounds {unknown}


   Skills:
 + Level 5.8 Fighting
 * Level 5.1 Maces & Flails
 + Level 4.0 Dodging


You had 5 spell levels left.
You didn't know any spells.
Your spell library was empty.

Dungeon Overview and Level Annotations

Branches:
Dungeon (4/15)
 Temple: D:4-7

Altars:
Uskayaw

Shops:
D:1 [

Annotations:
D:4 Grinder


Innate Abilities, Weirdness & Mutations

You are too large for most types of armour.
You have tough skin. (AC +1)


Message History

Grinder completely misses you. Grinder hits you but does no damage. x2
You can move again.
You sock Grinder!
Grinder is moderately wounded.
Grinder hits you.
You writhe in agony.
You thump Grinder!
Grinder is heavily wounded.
You thump Grinder!
Grinder is severely wounded.
Grinder hits you.
You writhe in agony.
You hit Grinder.
Grinder is almost dead.
You are no longer berserk.
You are exhausted.
You feel yourself slow down. Grinder hits you!
You writhe in agony.
You closely miss Grinder.
Grinder is almost dead.
Grinder hits you but does no damage.
You barely miss Grinder.
Grinder is almost dead.
Grinder closely misses you. x2
You closely miss Grinder. You punch Grinder.
Grinder is almost dead.
Grinder closely misses you.
You closely miss Grinder.
Grinder is almost dead.
Grinder zaps a wand.
The bolt of light hits you!! Grinder gestures at you.
You struggle to resist.
You barely miss Grinder.
Grinder is almost dead.
Grinder gestures at you.
You suddenly lose the ability to move!
Grinder zaps a wand.
The bolt of light hits you!
* * * LOW HITPOINT WARNING * * *
Grinder blinks!
Grinder zaps a wand.
The bolt of light hits you!!
You are confused.
You die...

............## #...#
#............... #...
##................. ...
..........#...##.##... ..#
###..##.... .# ## ##.#
##.##.... . ..
##..######.###...# # ..
####...#.#.#.5### ....
####.#.......@.....# ....
#.........###..........# .....
.........####.##..##...# #..#.
.........###.......# .## #.##
..#.#....##..............###...
....#....#...#............#....
.......†##.).###..............#
.##..........##......[.........
###...........##.#.............


You could see Grinder.

Vanquished Creatures
  A hound (D:4)
  An iguana (D:3)
  Natasha (thrice) (D:3)
  7 gnolls
  5 adders
  6 worms
  A dart slug (D:4)
  4 orcs (D:3)
  7 ball pythons
  6 bats
  11 endoplasms
  8 giant cockroaches
  7 goblins
  5 hobgoblins
  10 jackals
  4 quokkas
  6 frilled lizards
  8 kobolds
  5 rats
105 creatures vanquished.

Notes
Turn   | Place    | Note
-------+----------+-------------------------------------------
     0 | D:1      | Muataran the Ogre Berserker began the quest for the Orb.
     0 | D:1      | Reached XP level 1. HP: 24/24 MP: 1/1
     1 | D:1      | Found a runed translucent door.
    20 | D:1      | Reached XP level 2. HP: 26/32 MP: 2/2
   124 | D:1      | Reached XP level 3. HP: 40/40 MP: 3/3
   307 | D:1      | Reached ** piety under Trog
   423 | D:1      | Found Ikeacefo's Armour Emporium.
   916 | D:2      | Reached XP level 4. HP: 43/49 MP: 4/4
  1614 | D:3      | Noticed Natasha
  1625 | D:3      | Killed Natasha
  1626 | D:3      | Reached skill level 5 in Fighting
  1626 | D:3      | Reached XP level 5. HP: 57/57 MP: 5/5
  2019 | D:3      | Reached *** piety under Trog
  2177 | D:3      | Noticed Natasha
  2187 | D:3      | Killed Natasha
  2188 | D:3      | Reached XP level 6. HP: 66/66 MP: 6/6
  2367 | D:3      | Noticed Natasha
  2376 | D:3      | Killed Natasha
  2509 | D:4      | Found a hide-covered altar of Uskayaw.
  2627 | D:4      | Reached skill level 5 in Maces & Flails
  2682 | D:4      | Identified the +3 falchion of Impatience {vorpal, *Corrode
                  | Int+3 Dex+3}
  2715 | D:4      | Identified the ring "Osiqoh" {rElec rC+ Str+4}
  2819 | D:4      | Noticed Grinder
  2833 | D:4      | Paralysed by Grinder for 5 turns
  2847 | D:4      | Paralysed by Grinder for 4 turns
  2849 | D:4      | Killed from afar by Grinder

Illustrated notes

Levels and vault maps discovered:
D:1:      dpeg_arrival_caged_fury, layout_rooms, serial_shops, shop,
          minmay_crystal_water
D:2:      layout_loops_corners
D:3:      layout_basic, kennysheep_generic_room_13, uniq_natasha
D:4:      layout_cave_pools, mainiacjoe_overflow_small_starburst, uniq_grinder

Skill      XL: |  1  2  3  4  5  6 |
---------------+-------------------+-----
Maces & Flails | 3 4 5 |  5.1
Dodging        | 3 4 |  4.0
Fighting       | 5 |  5.8

Action                   |  1- 3 |  4- 6 || total
-------------------------+-------+-------++-------
Melee: Mace              |   131 |   250 ||   381
       Punch             |     1 |     2 ||     3
Invok: Berserk           |     1 |     8 ||     9
  Use: Scroll            |     4 |       ||     4
Armor: Animal skin       |    66 |    79 ||   145
Dodge: Dodged            |   105 |   173 ||   278

Table legend: (Time is in decaauts)
 A = Elapsed time spent in this place.
 B = Non-inter-level travel time spent in this place.
 C = Inter-level travel time spent in this place.
 D = Time resting spent in this place.
 E = Time spent auto-exploring this place.
 F = Levels seen in this place.
 G = Mean time per level.
                   A        B        C        D        E       F      G
               +--------+--------+--------+--------+--------+-----+--------+
         Total |   2984 |   2906 |     78 |     94 |   2049 |   4 |  746.0 |
       Dungeon |   2984 |   2906 |     78 |     94 |   2049 |   4 |  746.0 |
               +--------+--------+--------+--------+--------+-----+--------+

Top non-repeatable levels by time:
     D:3: 1007 daAuts
     D:2: 813 daAuts
     D:1: 753 daAuts
     D:4: 410 daAuts
